 Dungeon Crawl Stone Soup version 0.32-a0-350-g4f4d228785 (webtiles) character file.

Game seed: 16556424990510631926

2 innerfire43 the Conjurer (level 1, -1/15 HPs)
             Began as a Demonspawn Wanderer on Feb 17, 2024.
             Frozen to death by an endoplasm (4 damage)
             ... on level 1 of the Dungeon.
             The game lasted 00:00:21 (75 turns).

innerfire43 the Conjurer (Demonspawn Wanderer)        Turns: 75, Time: 00:00:22

Health: -1/15      AC:  2    Str: 11    XL:     1   Next: 25%
Magic:  2/2        EV: 10    Int: 14    God:
Gold:   0          SH:  4    Dex: 11    Spells: 2/2 levels left

rFire   . . .        a - +0 club
rCold   . . .        d - +0 buckler
rNeg    . . .        c - +0 robe
rPois   .            (no helmet)
rElec   .            (no cloak)
rCorr   .            (no gloves)
SInv    .            (no boots)
Will    .....        (no amulet)
Stlth   +            (no ring)
HPRegen 0.22/turn    (no ring)
MPRegen 0.08/turn

%: no passive effects
@: no status effects
A: no striking features
a: no special abilities


You were on level 1 of the Dungeon.
You visited 1 branch of the dungeon, and saw 1 of its levels.

Inventory:

Hand Weapons
 a - a +0 club (weapon)
Armour
 c - a +0 robe (worn)
 d - a +0 buckler (worn)
Scrolls
 b - a scroll of fear
Potions
 e - a potion of curing {unknown}


   Skills:
 + Level 1.0 Fighting
 + Level 0.1 Dodging
 - Level 1.0 Stealth
 * Level 1.1 Shields
 - Level 1.0 Spellcasting
 - Level 3.0 Conjurations
 - Level 1.7 Ice Magic
 + Level 1.3 Invocations


You had 2 spell levels left.
You didn't know any spells.
Your spell library contained the following spells:

 Spells                   Type           Power      Damage    Failure   Level
 Freeze                   Ice            20%        1d4       19%         1
 Shock                    Conj/Air       16%        1d4       21%         1
 Hailstorm                Conj/Ice       7%         3d5       41%         3
 Brom's Barrelling Bould  Conj/Erth      4%         2d3       90%         4
 Fulminant Prism          Conj/Alch      2%         3d5       90%         4


Dungeon Overview and Level Annotations

Branches:
Dungeon (1/15)

Altars:


Message History

The endoplasm freezes you.
You are frozen.
You barely miss the endoplasm. The endoplasm freezes you.
You are frozen.
There are monsters nearby!
You hit the endoplasm.
The endoplasm is lightly wounded.
The endoplasm quivers.
The endoplasm freezes you.
You are frozen.
There are monsters nearby!
You are too injured to fight recklessly!
There are monsters nearby!
You are too injured to fight recklessly!
There are monsters nearby!
You are too injured to fight recklessly!
You hit the endoplasm.
The endoplasm is severely wounded.
The endoplasm freezes you.
You are frozen.
You hit the endoplasm.
The endoplasm is almost dead.
The endoplasm freezes you.
You are frozen.
* * * LOW HITPOINT WARNING * * *
The endoplasm hits you but does no damage.
Unknown command.
You hit the endoplasm.
You kill the endoplasm!
Unknown command.
The endoplasm quivers.
The endoplasm barely misses you.
You hit the endoplasm but do no damage. The endoplasm freezes you.
You are frozen.
* * * LOW HITPOINT WARNING * * *
The endoplasm freezes you.
You are frozen.
You die...

#.#......#.#
#........#.#
#........#.#
#..........#
...###........#..
#...........# #
#.###.......# #
#.......#
#@J.....#
#J......#
........#
.#.......#
#########.# .#


You could see 2 endoplasms.

Vanquished Creatures
  An endoplasm (D:1)
1 creature vanquished.

Notes
Turn   | Place    | Note
-------+----------+-------------------------------------------
     0 | D:1      | innerfire43 the Demonspawn Wanderer began the quest for the
                  | Orb.
     0 | D:1      | innerfire43 set off with the following items: a +0 club, a
                  | scroll of fear, a +0 robe, a +0 buckler; and the following
                  | spells available to memorise: Freeze, Shock, Hailstorm,
                  | Brom's Barrelling Boulder, Fulminant Prism.
     0 | D:1      | Reached XP level 1. HP: 15/15 MP: 2/2
    75 | D:1      | Frozen to death by an endoplasm

Illustrated notes

Levels and vault maps discovered:
D:1:      lightli_arrival_isolated_outpost, layout_basic, chequers_avenue,
          st_stairs_10, hangedman_decor_points

Action                     || total
---------------------------++-------
  Melee: Club              ||     6
 Armour: Robe              ||     1
  Dodge: Dodged            ||     1

Table legend: (Time is in decaauts)
 A = Elapsed time spent in this place.
 B = Non-inter-level travel time spent in this place.
 C = Inter-level travel time spent in this place.
 D = Time resting spent in this place.
 E = Time spent auto-exploring this place.
 F = Levels seen in this place.
 G = Mean time per level.
                   A        B        C        D        E       F      G
               +--------+--------+--------+--------+--------+-----+--------+
         Total |     76 |     76 |      0 |      0 |     61 |   1 |   76.0 |
       Dungeon |     76 |     76 |      0 |      0 |     61 |   1 |   76.0 |
               +--------+--------+--------+--------+--------+-----+--------+

Top non-repeatable levels by time:
     D:1: 76 daAuts
